 Dungeon Crawl Stone Soup version 0.28.0 (webtiles) character file.

Game seed: 13419467538675171060

149 Hasart the Insei (level 5, -2/34 HPs)
             Began as an Octopode Transmuter on Feb 19, 2022.
             Slain by an orc (6 damage)
             ... on level 3 of the Dungeon.
             The game lasted 00:05:03 (2881 turns).

Hasart the Insei (Octopode Transmuter)              Turns: 2881, Time: 00:05:03

Health: -2/34      AC:  2    Str:  9    XL:     5   Next: 31%
Magic:  14/17      EV: 20    Int: 17    God:
Gold:   141        SH:  0    Dex: 18    Spells: 3/9 levels left

rFire   . . .      SeeInvis .     - Unarmed
rCold   . . .      Faith    .   (shield currently unavailable)
rNeg    . . .      Spirit   .   (helmet currently unavailable)
rPois   x          Reflect  .   (no amulet)
rElec   .          Harm     .   b - ring of magical power
rCorr   .          Rampage  .   (no ring)
Will    .....                   (no ring)
Stlth   ++........              (no ring)
HPRegen 0.11/turn               (no ring)
MPRegen 0.15/turn               (no ring)
                                (no ring)
                                (no ring)

@: lethally poisoned (-2 -> -32), spider-form (expiring), wereblooded
A: venomous fangs, almost no armour, (amphibious), 8 rings, tiny, (camouflage
1), (gelatinous body 1), (nimble swimmer 1), (tentacles)
a: End Transformation


You were on level 3 of the Dungeon.
You were a venomous arachnid creature.
You visited 1 branch of the dungeon, and saw 3 of its levels.

You collected 141 gold pieces.

Inventory:

Jewellery
 b - a ring of magical power (left front leg)
 g - a +6 ring of strength
Scrolls
 a - a scroll of vulnerability {unknown}
 c - a scroll of torment {unknown}
 d - a scroll of magic mapping {unknown}
 e - 2 scrolls of identify {unknown}
 f - a scroll of summoning {unknown}
 h - a scroll of brand weapon {unknown}
Potions
 i - a potion of curing {unknown}


   Skills:
 + Level 2.1 Fighting
 + Level 2.7 Dodging
 + Level 3.6 Unarmed Combat
 + Level 2.5 Spellcasting
 + Level 2.7 Transmutations
 * Level 2.2 Poison Magic


You had 3 spell levels left.
You knew the following spells:

 Your Spells              Type           Power      Damage    Failure   Level
a - Beastly Appendage     Tmut           22%        N/A       17%         1
b - Wereblood             Tmut           11%        N/A       22%         2
c - Spider Form           Tmut/Pois      10%        N/A       41%         3

Your spell library contained the following spells:

 Spells                   Type           Power      Damage    Failure   Level
 Ice Form                 Ice/Tmut       6%         N/A       87%         4


Dungeon Overview and Level Annotations

Branches:
Dungeon (3/15)

Altars:

Shops:
D:2 (


Innate Abilities, Weirdness & Mutations

You are a venomous arachnid creature.
You have poisonous fangs.
You are tiny and dextrous.
Your spellcasting is less reliable in this form.
Your armour is entirely melded.
You are incapable of wielding weapons or throwing items.
You cannot wear most types of armour.
((You are amphibious.))
You can wear up to eight rings at the same time.
((Your skin changes colour to match your surroundings (Stealth+).))
((Your rubbery body absorbs attacks. (AC +1, EV +1)))
((You are camouflaged when in or above water. (Stealth+)))
((You have tentacles for arms and can constrict up to eight enemies at once.))


Message History

Confirm with . or Enter, or press ? or * to list all spells.
The spell is quite dangerous to miscast (21% risk of failure)!
Continue anyway?
Okay, then.
Casting: Spider Form (quite dangerous; 21% risk of failure)
Confirm with . or Enter, or press ? or * to list all spells.
Your blood is infused with primal strength.
Casting: Wereblood (safe; 9% risk of failure)
Confirm with . or Enter, or press ? or * to list all spells.
The spell is quite dangerous to miscast (21% risk of failure)!
Continue anyway?
You turn into a venomous arachnid creature.
The orc shouts!
The orc priest shouts!
The orc shouts! x2
The orc shouts!
You hit the orc.
The orc is poisoned.
The orc is heavily wounded.
The orc closely misses you.
You hit the orc.
You kill the orc!
Your transformation is almost over.
You hit the orc but do no damage.
The orc is poisoned.
The orc completely misses you.
You hit the orc.
The orc looks as sick as possible!
The orc is heavily wounded.
The orc hits you with a +2 dagger of venom.
You are poisoned.
You hit the orc but do no damage.
The orc looks as sick as possible!
The orc is severely wounded.
You feel very sick.
The orc hits you with a +2 dagger of venom.
You are more poisoned.
You hit the orc.
You feel a bit better.
You kill the orc!
You feel extremely sick.
Unknown command.
You hit the orc.
The orc is poisoned.
The orc is moderately wounded.
* * * LOW HITPOINT WARNING * * *
You feel extremely sick. The orc hits you with a +0 morningstar.
You die...

#.## #.. #..# #.#
#..####.###
#.........#........
#..####.#.#........
#..# #.#.#....o...
#..# #.#.#........
#..# #.#.#....oo..
#... ..#s#..o..#
#..###.##o#.....#..
..........o........
.###.##.#o....##.
.. #.#.##### ##
#.#.# ..#.. ..###
....


You could see an orc priest and 2 orcs.

Vanquished Creatures
  A scorpion (D:2)
  2 adders (D:2)
  A worm (D:2)
  2 dart slugs (D:1)
  2 orcs (D:3)
  5 ball pythons
  7 bats
  9 endoplasms
  3 giant cockroaches (D:1)
  5 goblins
  5 hobgoblins
  6 kobolds
  A quokka (D:1)
  5 frilled lizards
  4 rats
58 creatures vanquished.

Notes
Turn   | Place    | Note
-------+----------+-------------------------------------------
     0 | D:1      | Hasart the Octopode Transmuter began the quest for the Orb.
     0 | D:1      | Reached XP level 1. HP: 13/13 MP: 3/3
   259 | D:1      | Reached XP level 2. HP: 10/18 MP: 5/5
   955 | D:1      | Reached XP level 3. HP: 23/23 MP: 6/6
   958 | D:1      | Learned a level 2 spell: Wereblood
   962 | D:1      | Learned a level 3 spell: Spider Form
  1397 | D:1      | Reached skill level 1 in Poison Magic
  1745 | D:2      | Reached XP level 4. HP: 18/29 MP: 7/7
  2147 | D:2      | Found Qogh's Antique Weapon Shoppe.
  2319 | D:2      | Noticed a scorpion
  2327 | D:2      | Killed a scorpion
  2328 | D:2      | Reached XP level 5. HP: 33/34 MP: 8/8
  2881 | D:3      | Slain by an orc

Illustrated notes

Levels and vault maps discovered:
D:1:      dpeg_arrival_shelter, layout_loops_corners, st_stairs_11,
          serial_bayou_pond_d, minmay_misc_feat_tiny, minmay_split_cup_large
D:2:      layout_basic, serial_shops, nicolae_diamond_shop
D:3:      layout_basic, pdpol_temple_overflow_zin_treasury_gozag_greed,
          portal_sewer_entry_c, hellmonk_ecumenical_altar_pennies_from_heaven

Skill      XL: |  1  2  3  4 |
---------------+-------------+-----
Poison Magic   | 1 2 |  2.2
Fighting       | 2 |  2.1
Dodging        | |  2.7
Unarmed Combat | |  3.6
Spellcasting   | |  2.5
Transmutations | |  2.7

Action                   |  1- 3 |  4- 6 || total
-------------------------+-------+-------++-------
Melee: Unarmed           |    96 |    47 ||   143
       Constrict         |    21 |    12 ||    33
       Tentacles         |    18 |    10 ||    28
       Punch             |     2 |       ||     2
       Kick              |     3 |     3 ||     6
 Cast: Beastly Appendage |     2 |     2 ||     4
       Spider Form       |       |     1 ||     1
       Wereblood         |       |     1 ||     1
 Stab: Sleeping          |     6 |     2 ||     8
Armor: Skin              |    11 |     3 ||    14
Dodge: Dodged            |    65 |    25 ||    90
